 Dungeon Crawl Stone Soup version 0.21.0-3-g78d12a8 (webtiles) character file.

546 Ghouzt the Slasher (level 7, -2/61 HPs)
             Began as a Minotaur Monk on Jan 8, 2018.
             Slain by a bullfrog skeleton (6 damage)
             ... on level 5 of the Dungeon.
             The game lasted 00:13:31 (3561 turns).

Ghouzt the Slasher (Minotaur Monk)                  Turns: 3561, Time: 00:13:31

Health: -2/61      AC:  0    Str: 18    XL:     7   Next: 6%
Magic:  6/6        EV:  9    Int:  7    God:    Xom [......]
Gold:   190        SH:  0    Dex: 12    Spells: 6/6 levels left

rFire    . . .     SeeInvis .   a - +0 falchion
rCold    . . .     Gourm    .   (no shield)
rNeg     + . .     Faith    .   i - +1 chain mail
rPois    .         Spirit   .   (helmet restricted)
rElec    .         Reflect  .   r - scarf {cloud immunity}
rCorr    .         Harm     .   (no gloves)
MR       .....                  (no boots)
Stlth    ..........             (no amulet)
HPRegen  0.20/turn              h - +2 ring of protection
MPRegen  0.10/turn              d - ring of positive energy

@: lethally poisoned (-2 -> -3), corroded
A: retaliatory headbutt, horns 2
a: Renounce Religion


You were on level 5 of the Dungeon.
You worshipped Xom.
You were a very special plaything of Xom.
You were hungry.

You visited 1 branch of the dungeon, and saw 5 of its levels.

You collected 190 gold pieces.

Inventory:

Hand Weapons
 a - a +0 falchion (weapon)
Armour
 i - a +1 chain mail (worn)
 r - a scarf of cloud immunity (worn)
Jewellery
 d - a ring of positive energy (right hand)
 h - a +2 ring of protection (left hand)
 o - an uncursed ring of flight
Scrolls
 e - 3 scrolls of identify
 f - 3 scrolls of remove curse
 g - 2 scrolls of immolation
 k - 3 scrolls of blinking {unknown}
 l - 3 scrolls of enchant weapon {unknown}
 q - a scroll of amnesia {unknown}
 s - a scroll of enchant armour
 t - a scroll of random uselessness {unknown}
Potions
 p - a potion of brilliance
Comestibles
 c - 9 rations


   Skills:
 + Level 5.2 Fighting
 + Level 6.2 Long Blades
 * Level 4.8 Armour
 + Level 4.7 Dodging
 - Level 1.6 Stealth


You had 6 spell levels left.
You didn't know any spells.

Dungeon Overview and Level Annotations

Branches:
Dungeon (5/15)
 Temple: D:4-7

Altars:
Elyvilon
Hepliaklqana
Kikubaaqudgha
Xom

Shops:
D:4 :


Innate Abilities, Weirdness & Mutations

You reflexively headbutt those who attack you in melee.
You have a pair of horns on your head.


Message History

A bullfrog skeleton is nearby!
Xom plays with reality for a moment.
You are now a very special plaything of Xom.
You feel sick. The bullfrog skeleton hits you!
* * * LOW HITPOINT WARNING * * *
You hit the bullfrog skeleton but do no damage.
The bullfrog skeleton hits you.
* * * LOW HITPOINT WARNING * * *
Your rat bites the bullfrog skeleton.
The bullfrog skeleton hits you.
* * * LOW HITPOINT WARNING * * *
You hit the bullfrog skeleton but do no damage.
You headbutt the bullfrog skeleton, but do no damage.
The bullfrog skeleton is lightly damaged.
The bullfrog skeleton barely misses you.
Your rat bites the bullfrog skeleton.
You hit the bullfrog skeleton.
Your headbutt misses the bullfrog skeleton.
The bullfrog skeleton is moderately damaged.
The bullfrog skeleton hits you.
You die...

...#
#..............#
#.##
#..............#
#.
##............#
##..........##
##........##
##......##
###...## ###..##
##r@# ##Z.....#
#..)....#
.........
.........
#.........
###.......
.#.....


You could see a bullfrog skeleton and a friendly rat.

Vanquished Creatures
  Menkaure (D:5)
  A centaur (D:5)
  A crimson imp (D:5)
  An orc priest (D:5)
  A jelly (D:5)
  4 orc wizards
  3 gnolls (D:4)
  3 adders
  An ooze (D:1)
  A worm (D:2)
  5 dart slugs (D:1)
  A leopard gecko (D:1)
  15 orcs
  A ball python (D:3)
  6 giant cockroaches
  11 goblins
  6 hobgoblins
  7 jackals
  3 quokkas
  5 bats
  6 frilled lizards
  A jackal skeleton (D:4)
  11 kobolds
  7 rats
102 creatures vanquished.

Vanquished Creatures (others)
  A human (D:5)
1 creature vanquished.

Grand Total: 103 creatures vanquished

Notes
Turn   | Place    | Note
-------+----------+-------------------------------------------
     0 | D:1      | Ghouzt the Minotaur Monk began the quest for the Orb.
     0 | D:1      | Reached XP level 1. HP: 19/19 MP: 0/0
    16 | D:1      | Reached XP level 2. HP: 20/27 MP: 1/1
   220 | D:1      | Reached skill level 4 in Long Blades
   258 | D:1      | Reached XP level 3. HP: 17/33 MP: 2/2
   737 | D:2      | Reached XP level 4. HP: 35/41 MP: 3/3
   742 | D:2      | Reached skill level 1 in Armour
  1068 | D:2      | Found a shimmering altar of Xom.
  1069 | D:2      | Found a hazy altar of Hepliaklqana.
  1069 | D:2      | Noticed a yak
  1070 | D:2      | Noticed a yak
  1070 | D:2      | Noticed a spectral ugly thing
  1074 | D:2      | Became a worshipper of Xom of Chaos
  1110 | D:2      | Reached XP level 5. HP: 42/47 MP: 4/4
  1192 | D:2      | Reached skill level 5 in Long Blades
  1345 | D:2      | XOM is BORED!
  1345 | D:2      | XOM: noise
  2003 | D:4      | XOM: harmless Pois miscast
  2112 | D:4      | XOM: divination: magic mapping
  2232 | D:4      | XOM: harmless Fire miscast
  2262 | D:4      | Found a white marble altar of Elyvilon.
  2477 | D:4      | XOM is BORED!
  2477 | D:4      | XOM: silly message
  2502 | D:4      | Found Giub's Book Shop.
  2558 | D:4      | XOM: harmless Air miscast
  2856 | D:5      | Entered Level 5 of the Dungeon
  2895 | D:5      | Reached XP level 6. HP: 55/55 MP: 5/5
  2920 | D:5      | XOM: potion effect (might)
  2926 | D:5      | Reached skill level 5 in Fighting
  2964 | D:5      | XOM: cloud trail
  3049 | D:5      | XOM: summons 4 friendly demons
  3052 | D:5      | Reached skill level 6 in Long Blades
  3121 | D:5      | Noticed Menkaure
  3122 | D:5      | XOM: 1-stop teleportation journey
  3172 | D:5      | XOM: summons friendly ufetubus
  3183 | D:5      | Killed Menkaure
  3183 | D:5      | Reached XP level 7. HP: 12/61 MP: 6/6
  3460 | D:5      | XOM: harmless Erth miscast
  3475 | D:5      | Found an ancient bone altar of Kikubaaqudgha.
  3476 | D:5      | Noticed a human
  3486 | D:5      | Killed a human
  3525 | D:5      | Found an ancient bone altar of Kikubaaqudgha.
  3531 | D:5      | XOM: smoke on damage
  3540 | D:5      | XOM: confuse monster(s)
  3549 | D:5      | XOM: confuse monster(s)
  3556 | D:5      | XOM: cast spell 'Summon Small Mammal'
  3559 | D:5      | HP: 3/61 [bullfrog skeleton (2)]
  3561 | D:5      | Slain by a bullfrog skeleton

Skill      XL: |  1  2  3  4  5  6 |
---------------+-------------------+-----
Fighting       | 4 5 |  5.2
Long Blades    | 4 5 6 |  6.2
Dodging        | 4 |  4.7
Armour         | 1 3 4 |  4.8
Stealth        | |  1.6

Action                   |  1- 3 |  4- 6 |  7- 9 || total
-------------------------+-------+-------+-------++-------
Melee: Falchion          |    63 |   209 |    11 ||   283
       Headbutt          |    15 |    38 |     7 ||    60
  Use: Scroll            |       |     5 |       ||     5
       Potion            |       |     3 |       ||     3
 Stab: Distracted        |       |     1 |       ||     1
  Eat: Chunk             |       |     8 |       ||     8
Armor: Robe              |     4 |       |       ||     4
       Chain mail        |    21 |   148 |     2 ||   171
       Skin              |       |     4 |       ||     4
Dodge: Dodged            |    50 |    96 |     9 ||   155
       Rpst.: Falchion   |    15 |    29 |     4 ||    48
